 Dungeon Crawl Stone Soup version 0.25.0-10-g039870ee82 (console) character file.

Game seed: 17871155278592254244

120906 Kagalorn the Executioner (level 16, -10/149 HPs)
             Began as a Minotaur Berserker on June 22, 2020.
             Was a High Priest of Trog.
             Mangled by a salamander
             ... wielding a +0 halberd of protection
              (13 damage)
             ... on level 2 of the Snake Pit.
             The game lasted 00:58:00 (29942 turns).

Kagalorn the Executioner (Minotaur Berserker)      Turns: 29942, Time: 00:58:01

Health: -10/149    AC: 17    Str: 21    XL:     16   Next: 31%
Magic:  15/15      EV: 16    Int:  6    God:    Trog [*****.]
Gold:   2725       SH:  0    Dex: 12    Spells: 15/15 levels left

rFire    . . .     SeeInvis .   a - +3 executioner's axe (flame)
rCold    . . .     Gourm    .   (shield currently unavailable)
rNeg     . . .     Faith    .   w - +0 swamp dragon scales
rPois    +         Spirit   .   R - +1 hat
rElec    .         Reflect  .   e - +1 cloak
rCorr    +         Harm     .   i - +0 pair of gloves
MR       +....                  (no boots)
Stlth    +.........             Z - amulet of regeneration
HPRegen  0.74/turn              T - -4 ring of strength (curse)
MPRegen  0.14/turn              S - ring of resist corrosion

@: lethally poisoned (-10 -> -10), berserk cooldown, slowed, very slow
A: retaliatory headbutt, horns 2
a: Berserk, Trog's Hand, Brothers in Arms, Renounce Religion


You were on level 2 of the Snake Pit.
You worshipped Trog.
Trog was extremely pleased with you.
You were near starving.

You visited 5 branches of the dungeon, and saw 27 of its levels.
You also visited: Ossuary and Ice Cave.

You collected 2806 gold pieces.
You spent 81 gold pieces at shops.

Inventory:

Hand Weapons
 a - a +3 executioner's axe of flaming (weapon)
 b - a +3 antimagic battleaxe
Missiles
 r - 6 throwing nets
 v - 121 poisoned darts (quivered)
 M - a curare-tipped dart
Armour
 e - a +1 cloak (worn)
 i - a +0 pair of gloves (worn)
 w - +0 swamp dragon scales (worn)
 I - a +0 plate armour of fire resistance
 R - a +1 hat (worn)
Jewellery
 q - an uncursed ring of flight
 A - an uncursed ring of protection from magic {unknown}
 S - a ring of resist corrosion (right hand)
 T - a cursed -4 ring of strength (left hand)
 Z - an amulet of regeneration (around neck)
Wands
 D - a wand of polymorph (19)
 G - a wand of acid (11)
 N - a wand of iceblast (45)
 P - a wand of paralysis (23)
 W - a wand of digging (3)
Scrolls
 d - 19 scrolls of identify {unknown}
 f - 14 scrolls of teleportation {unknown}
 g - a scroll of random uselessness {unknown}
 h - 9 scrolls of blinking {unknown}
 k - 8 scrolls of amnesia {unknown}
 o - 5 scrolls of enchant weapon {unknown}
 p - a scroll of magic mapping {unknown}
 s - 5 scrolls of fear {unknown}
 y - 5 scrolls of fog {unknown}
 z - 2 scrolls of acquirement {unknown}
 B - 2 scrolls of noise {unknown}
 J - 5 scrolls of enchant armour {unknown}
 O - 3 scrolls of immolation {unknown}
 Q - 4 scrolls of silence {unknown}
 U - 16 scrolls of remove curse {unknown}
 V - a scroll of summoning {unknown}
 Y - a scroll of brand weapon {unknown}
Potions
 j - 5 potions of haste {unknown}
 l - a potion of invisibility {unknown}
 m - 3 potions of cancellation {unknown}
 n - 2 potions of magic {unknown}
 t - 4 potions of mutation {unknown}
 u - 2 potions of ambrosia {unknown}
 x - 5 potions of might {unknown}
 C - 2 potions of lignification {unknown}
 E - 10 potions of curing {unknown}
 F - 3 potions of heal wounds {unknown}
 H - 3 potions of flight {unknown}
 K - 6 potions of degeneration {unknown}
 L - 4 potions of brilliance {unknown}
 X - 3 potions of berserk rage {unknown}
Comestibles
 c - 45 rations


   Skills:
 + Level 15.5 Fighting
 * Level 23.2 Axes
 + Level 15.3 Armour
 - Level 10.0 Dodging


You had 15 spell levels left.
You didn't know any spells.
Your spell library contained the following spells:

 Spells                   Type           Power        Failure   Level  Hunger
 Corona                   Hex            #......      56%         1    ##.....
 Freeze                   Ice            #...         56%         1    ##.....
 Shock                    Conj/Air       #...         56%         1    ##.....
 Ensorcelled Hibernation  Hex/Ice        #.....       71%         2    ###....
 Swiftness                Chrm/Air       #.......     71%         2    ###....
 Confusing Touch          Hex            #.......     91%         3    ####...
 Dazzling Flash           Conj/Hex       #.....       91%         3    ####...
 Frozen Ramparts          Ice            #.....       91%         3    ####...
 Static Discharge         Conj/Air       #.......     91%         3    ####...
 Tukima's Dance           Hex            #.......     91%         3    ####...
 Airstrike                Air            #.........   100%        4    #####..
 Hailstorm                Conj/Ice       #.......     100%        4    #####..
 Ice Form                 Ice/Tmut       #.......     100%        4    #####..
 Lightning Bolt           Conj/Air       #.........   100%        5    ######.
 Metabolic Englaciation   Hex/Ice        #.........   100%        5    ######.
 Freezing Cloud           Conj/Ice/Air   #.........   100%        6    #######
 Ozocubu's Refrigeration  Ice            #.........   100%        6    #######
 Simulacrum               Ice/Necr       #.........   100%        6    #######


Dungeon Overview and Level Annotations

Branches:
Dungeon (15/15)            Temple (1/1) D:5            Lair (6/6) D:10
 Shoals (0/4) Lair:3        Snake (3/4) Lair:2          Orc (2/2) D:9
    Elf (0/3) Orc:2        Vaults (0/5) D:14         Depths (0/5) D:15
Ossuary (visited)           IceCv (visited)
  Slime: Lair:5-6

Altars:
Ashenzari
Cheibriados
Dithmenos
Elyvilon
Fedhas
Gozag
Hepliaklqana
Kikubaaqudgha
Makhleb
Nemelex Xobeh
Okawaru
Qazlal
Ru
Sif Muna
Trog
Uskayaw
Vehumet
Wu Jian
Xom
Yredelemnul
Zin
The Shining One
Beogh

Shops:
D:8 *   D:12 :   Orc:1 %   Orc:2 (:(=

Annotations:
D:3 1 runed translucent door, Delamore's ghost, amateur GrFi
D:6 1 runed translucent door, Mandevil's ghost, novice VSAE
D:11 4 runed translucent doors
D:13 2 transporters, Kokhlaf's ghost, journeyman DECj
Lair:3 3 runed translucent doors, Befuwnopp's ghost, journeyman TrHu; Deesahac's ghost, journeyman BaFi; Ruicvywi's ghost, journeyman OgTm; Sadonosm's ghost, journeyman DgSk
Lair:4 exclusion: 2 oklob plants
Lair:6 exclusion: 3 oklob plants


Innate Abilities, Weirdness & Mutations

You reflexively headbutt those who attack you in melee.
You have a pair of horns on your head.


Message History

Something bites your cyclops but does no damage.
The black mamba bites your cyclops!
Your cyclops hits the black mamba!!!
The black mamba dies!
Trog accepts your kill. The guardian serpent barely misses you.
You furiously retaliate!
You headbutt the guardian serpent, but do no damage.
You hear an angry hiss. x3
Okay, then.
You barely miss the guardian serpent. You headbutt the guardian serpent!
The guardian serpent is moderately wounded.
You feel sick.
A salamander comes into view.
It is wielding a +0 halberd of protection.
The guardian serpent gestures with its tail.
The salamander blinks!
The naga blinks!
Your cyclops misses the guardian serpent.
The black mamba bites your cyclops.
The salamander hits you with a +0 halberd of protection!
* * * LOW HITPOINT WARNING * * *
You are engulfed in flames!
You die... #.... .. # ...
N ... ... #S.###. .( . .... ...§... .#.##.. .... ## ..§...# ..^.... #...#.
SS#

#.###..#... ####....#C#
#..#....^..
......##S.####.....#.#..
... #.N@N##....#.N......
......######.....SS.....
....### #######†##...
....... #######.##...
....N.. #.....#......
..N...N#####.....##w─...
........)......).##†.*..
...############)...S....
#..>##.<..


You could see a salamander, a guardian serpent, a black mamba, a naga, a ball
python and a friendly cyclops (summoned, berserk, extremely poisoned).

Vanquished Creatures
  Gastronok (Lair:2)
  2 orc warlords (D:9)
  Azrael (Snake:1)
  A dire elephant (Lair:6)
  Josephine (D:13)
  4 naga warriors
  6 hydras
  An ogre mage (D:15)
  Harold (D:7)
  2 catoblepae
  3 anacondas (Snake:1)
  2 centaur warriors (D:14)
  7 two-headed ogres
  9 death yaks
  2 naga sharpshooters (Snake:1)
  A shock serpent (Snake:1)
  2 skeletal warriors (D:15)
  2 naga ritualists
  A flayed ghost (D:15)
  3 unseen horrors
  A deep elf archer (D:14)
  A lindwurm (Lair:6)
  2 necromancers
  3 deep elf magi
  3 orc knights
  4 mana vipers
  9 orc sorcerers
  3 wolf spiders (Lair:6)
  2 manticores
  3 cyclopes
  10 ugly things
  5 salamanders
  6 naga magi
  2 merfolk sirens (Lair:3)
  Joseph (D:8)
  21 black mambas
  A guardian serpent (Snake:1)
  Maggie (Lair:2)
  2 elephants (Lair:6)
  13 spiny frogs
  10 freezing wraiths (IceCv)
  7 komodo dragons
  2 kobold demonologists (D:13)
  4 rime drakes
  A queen bee (Lair:4)
  5 polar bears
  A polar bear (shapeshifter) (D:13)
  10 trolls
  Prince Ribbit (D:8)
  3 meliai
  8 slime creatures (D:13)
  A merfolk (Lair:3)
  7 hippogriffs
  13 blink frogs
  14 dream sheep
  An ice dragon zombie (D:15)
  2 shadows
  50 yaks
  A spriggan (D:11)
  5 wraiths
  A vampire (D:14)
  Eustachio (D:4)
  A hungry ghost (D:11)
  3 basilisks
  4 fire elementals (Snake:1)
  An elf zombie (D:15)
  10 wargs
  Edmund (D:4)
  7 vampire mosquitoes
  13 nagas
  A soldier ant (D:11)
  A tengu zombie (D:15)
  12 water moccasins
  17 porcupines
  Duvessa (D:5)
  4 hell hounds (Snake:1)
  2 sky beasts
  24 orc warriors
  A swamp drake (D:10)
  A necrophage (D:11)
  10 ice beasts
  A phantom (D:4)
  17 ogres
  A centaur (D:10)
  19 wolves
  10 crocodiles
  A yaktaur zombie (D:15)
  2 big kobolds
  16 bullfrogs
  4 water moccasin zombies (Ossuary)
  A wyvern zombie (D:12)
  8 scorpions
  Dowan (D:5)
  22 killer bees
  15 wights
  3 howler monkeys
  2 draconian simulacra (IceCv)
  8 crimson imps
  3 centaur zombies
  5 centaur skeletons
  6 hounds
  A jelly (D:10)
  13 orc priests
  2 bullfrog skeletons
  3 gnoll shamans
  2 iguanas
  10 worker ants
  50 orc wizards
  A polar bear simulacrum (IceCv)
  2 troll simulacra (IceCv)
  4 spriggan simulacra (IceCv)
  2 big kobold zombies (Ossuary)
  5 centaur simulacra (IceCv)
  A hound zombie (D:9)
  2 mummies (Ossuary)
  A worker ant zombie (D:11)
  A howler monkey zombie (D:6)
  14 gnolls
  13 adders
  4 ogre simulacra (IceCv)
  A naga simulacrum (IceCv)
  4 shadow imps
  12 white imps (IceCv)
  3 oozes
  3 adder zombies (Ossuary)
  3 adder skeletons
  2 worms
  3 dart slugs
  7 leopard geckos
  131 orcs
  4 bats
  3 giant cockroaches
  2 gnoll zombies (Ossuary)
  10 goblins
  9 hobgoblins
  22 jackals
  9 kobolds
  6 quokkas
  5 frilled lizards
  3 hobgoblin zombies (Ossuary)
  9 kobold zombies (Ossuary)
  A leopard gecko skeleton (D:8)
  6 orc zombies (Ossuary)
  A quokka skeleton (D:5)
  A quokka zombie (D:8)
  8 rats
  A fungus (Lair:2)
  2 plants (Lair:5)
954 creatures vanquished.

Vanquished Creatures (collateral kills)
  3 hydras
  A naga sharpshooter (Snake:1)
  A black mamba (Snake:2)
  A spiny frog (Lair:4)
  An ice statue (IceCv)
  A centaur skeleton (D:13)
  Psyche (D:8)
  A merfolk (Lair:3)
  2 hippogriffs
  A wraith (D:13)
  2 nagas (Snake:1)
  A crocodile (Lair:4)
  An elephant simulacrum (IceCv)
  A draconian simulacrum (IceCv)
  A polar bear simulacrum (IceCv)
  A wolf simulacrum (IceCv)
  A naga simulacrum (IceCv)
  A quokka (D:8)
22 creatures vanquished.

Vanquished Creatures (others)
  A komodo dragon (D:10)
  A crocodile (D:10)
  An orc wizard (Orc:2)
  8 fungi
  6 plants
17 creatures vanquished.

Grand Total: 993 creatures vanquished

Notes
Turn   | Place    | Note
-------+----------+-------------------------------------------
     0 | D:1      | Kagalorn the Minotaur Berserker began the quest for the
                  | Orb.
     0 | D:1      | Reached XP level 1. HP: 19/19 MP: 0/0
   221 | D:1      | Reached skill level 4 in Axes
   452 | D:1      | Reached XP level 2. HP: 26/26 MP: 1/1
   759 | D:1      | Reached skill level 5 in Axes
   930 | D:1      | Reached XP level 3. HP: 26/31 MP: 2/2
   994 | D:1      | Reached ** piety under Trog
  1654 | D:2      | Found a faded altar of an unknown god.
  1868 | D:3      | Reached skill level 6 in Axes
  1868 | D:3      | Reached XP level 4. HP: 39/39 MP: 3/3
  2290 | D:3      | Found a runed translucent door.
  2292 | D:3      | Noticed Delamore's ghost (amateur GrFi)
  2405 | D:3      | Reached XP level 5. HP: 45/45 MP: 4/4
  2552 | D:3      | Reached skill level 7 in Axes
  2611 | D:4      | Noticed an orc warrior
  2734 | D:3      | Killed an orc warrior
  2734 | D:3      | Reached skill level 8 in Axes
  2734 | D:3      | Reached XP level 6. HP: 40/51 MP: 5/5
  2830 | D:4      | Reached skill level 9 in Axes
  2881 | D:4      | Reached *** piety under Trog
  3015 | D:4      | Found a shattered altar of Ashenzari.
  3043 | D:4      | Reached XP level 7. HP: 57/57 MP: 6/6
  3085 | D:4      | Noticed Edmund
  3099 | D:4      | Killed Edmund
  3099 | D:4      | Reached skill level 10 in Axes
  3273 | D:4      | Noticed Eustachio
  3294 | D:4      | Killed Eustachio
  3294 | D:4      | Reached skill level 11 in Axes
  3532 | D:4      | Reached XP level 8. HP: 64/64 MP: 7/7
  3870 | D:5      | Entered Level 5 of the Dungeon
  3883 | D:5      | Reached skill level 12 in Axes
  3892 | D:5      | Reached **** piety under Trog
  4112 | D:5      | Noticed Dowan
  4137 | D:5      | Killed Dowan
  4138 | D:5      | Noticed Duvessa
  4147 | D:5      | Killed Duvessa
  4362 | D:5      | Reached skill level 13 in Axes
  4507 | D:5      | Found a staircase to the Ecumenical Temple.
  4514 | Temple   | Entered the Ecumenical Temple
  4990 | D:6      | Found a white marble altar of Elyvilon.
  5138 | D:6      | Reached XP level 9. HP: 60/70 MP: 8/8
  5366 | D:6      | Reached skill level 14 in Axes
  5705 | D:6      | Found a runed translucent door.
  5710 | D:6      | Noticed Mandevil's ghost (novice VSAE)
  6019 | D:7      | Reached ***** piety under Trog
  6181 | D:7      | Noticed Harold
  6196 | D:7      | Killed Harold
  6196 | D:7      | Reached skill level 5 in Fighting
  6405 | D:8      | Noticed Psyche
  6413 | D:8      | Killed Psyche
  6501 | D:8      | Reached skill level 5 in Armour
  6521 | D:8      | Noticed Prince Ribbit
  6541 | D:8      | Killed Prince Ribbit
  6541 | D:8      | Reached XP level 10. HP: 32/83 MP: 9/9
  6876 | D:8      | Found a sand-covered staircase.
  6882 | Ossuary  | Entered an ossuary
  6912 | Ossuary  | Reached skill level 15 in Axes
  6919 | Ossuary  | Received a gift from Trog
  7150 | D:8      | Noticed Joseph
  7169 | D:8      | Killed Joseph
  7169 | D:8      | Reached skill level 5 in Dodging
  7544 | D:8      | Found Syebrakk's Assorted Antiques.
  7552 | D:8      | Bought a scroll labeled VUYCOO GYXKUP for 27 gold pieces
  7552 | D:8      | Bought a scroll labeled NUGOREROEST for 27 gold pieces
  7552 | D:8      | Bought a scroll labeled PEXAXO NEACOV for 27 gold pieces
  7759 | D:8      | Killed an unseen horror
  8373 | D:9      | Noticed a two-headed ogre
  8396 | D:9      | Killed a two-headed ogre
  8398 | D:9      | Reached skill level 16 in Axes
  8501 | D:9      | Found a staircase to the Orcish Mines.
  8668 | D:10     | Entered Level 10 of the Dungeon
  8732 | D:10     | Received a gift from Trog
  8813 | D:10     | Found the +12 glaive of Prune {vorpal}
  8845 | D:10     | Reached XP level 11. HP: 92/92 MP: 10/10
  9211 | D:10     | Found a staircase to the Lair.
  9357 | D:10     | Noticed a two-headed ogre
  9377 | D:10     | Killed a two-headed ogre
  9613 | D:11     | Found a runed translucent door.
  9768 | D:11     | Found a runed translucent door.
  9871 | D:11     | Found a runed translucent door.
  9942 | D:11     | Found a frozen archway.
  9963 | IceCv    | Entered an ice cave
 10094 | IceCv    | Received a gift from Trog
 10119 | IceCv    | Reached skill level 17 in Axes
 10424 | IceCv    | Found an ancient bone altar of Kikubaaqudgha.
 10441 | IceCv    | Reached XP level 12. HP: 93/104 MP: 11/11
 10582 | IceCv    | HP: 4/105 [draconian simulacrum (14)]
 10736 | IceCv    | Identified Sif Muna's Handbook of Snow
 10753 | IceCv    | Got a distressingly furry hat
 10760 | IceCv    | Identified the +2 hat of Inviolability {Harm rPois Dex-3}
                  | (You found it in an ice cave)
 11437 | D:11     | Found a runed translucent door.
 11642 | Lair:1   | Entered Level 1 of the Lair of Beasts
 12965 | Lair:2   | Reached skill level 10 in Fighting
 13100 | Lair:2   | Found a staircase to the Snake Pit.
 13122 | Lair:2   | Reached skill level 18 in Axes
 13284 | Lair:2   | Noticed Gastronok
 13351 | Lair:2   | Killed Gastronok
 13351 | Lair:2   | Reached skill level 10 in Armour
 13520 | Lair:2   | Received a gift from Trog
 13874 | Lair:2   | Noticed Maggie
 13883 | Lair:2   | Killed Maggie
 14296 | Lair:3   | Noticed a catoblepas
 14315 | Lair:3   | Killed a catoblepas
 14315 | Lair:3   | Reached XP level 13. HP: 82/115 MP: 8/12
 14696 | Lair:3   | Found a runed translucent gate.
 14696 | Lair:3   | Found a runed translucent gate.
 14700 | Lair:3   | Found a runed translucent gate.
 14701 | Lair:3   | Noticed Deesahac's ghost (journeyman BaFi)
 14701 | Lair:3   | Noticed Befuwnopp's ghost (journeyman TrHu)
 14701 | Lair:3   | Noticed Sadonosm's ghost (journeyman DgSk)
 14702 | Lair:3   | Noticed Ruicvywi's ghost (journeyman OgTm)
 14742 | Lair:3   | Found a staircase to the Shoals.
 15921 | Lair:4   | Reached skill level 10 in Dodging
 16092 | Lair:4   | Reached skill level 19 in Axes
 18397 | Lair:5   | Reached skill level 20 in Axes
 18405 | Lair:5   | Reached XP level 14. HP: 117/127 MP: 11/13
 18489 | Lair:5   | Received a gift from Trog
 19158 | Lair:6   | Entered Level 6 of the Lair of Beasts
 20387 | Lair:6   | Found the +8 arc blade {discharge, rElec}
 21519 | D:12     | Found Paral's Book Boutique.
 22372 | D:13     | Received a gift from Trog
 22509 | D:13     | Reached skill level 21 in Axes
 22841 | D:13     | Found a transporter.
 22842 | D:13     | Noticed Kokhlaf's ghost (journeyman DECj)
 22842 | D:13     | Identified the cursed +3 dire flail of the Mushroom
                  | {antimagic, +Rage rF+ MR+ Str-3}
 22977 | D:13     | Noticed Josephine
 22982 | D:13     | Killed Josephine
 23503 | D:13     | Found a transporter.
 23627 | D:14     | Received a gift from Trog
 23738 | D:14     | Found a gate to the Vaults.
 24048 | D:14     | Reached XP level 15. HP: 121/137 MP: 14/14
 24652 | D:15     | Entered Level 15 of the Dungeon
 24670 | D:15     | Paralysed by an ogre mage for 7 turns
 25199 | D:15     | Found a staircase to the Depths.
 25272 | D:15     | Received a gift from Trog
 25389 | D:15     | Reached skill level 22 in Axes
 25494 | D:15     | Found a basalt altar of Yredelemnul.
 25886 | Orc:1    | Entered Level 1 of the Orcish Mines
 25886 | Orc:1    | Found Ylese's Food Emporium.
 25888 | Orc:1    | Noticed an orc warlord
 25929 | D:9      | Killed an orc warlord
 26037 | Orc:1    | Noticed an orc warlord
 26204 | D:9      | Killed an orc warlord
 26661 | Orc:2    | Entered Level 2 of the Orcish Mines
 26831 | Orc:2    | Paralysed by an orc sorcerer for 7 turns
 26846 | Orc:2    | Received a gift from Trog
 26885 | Orc:2    | Found Wezxieb's Weapon Shoppe.
 26885 | Orc:2    | Found Uteownor's Book Boutique.
 27082 | Orc:2    | Found a staircase to the Elven Halls.
 27197 | Orc:2    | Found Xestrifuy's Jewellery Boutique.
 27209 | Orc:2    | Found Ligulank's Antique Weapon Shoppe.
 27326 | Orc:2    | Found a roughly hewn altar of Beogh.
 27591 | Orc:1    | Reached ****** piety under Trog
 28010 | Snake:1  | Entered Level 1 of the Snake Pit
 28070 | Snake:1  | Received a gift from Trog
 28524 | Snake:1  | Reached skill level 15 in Fighting
 28793 | Snake:1  | Noticed Azrael
 28810 | Snake:1  | Killed Azrael
 28810 | Snake:1  | Reached XP level 16. HP: 72/149 MP: 5/15
 29186 | Snake:1  | Reached skill level 15 in Armour
 29334 | Snake:1  | Identified the +2 robe "Coecrymu" {rElec rPois rC+ Int+2}
 29665 | Snake:2  | Reached skill level 23 in Axes
 29924 | Snake:3  | Received a gift from Trog
 29942 | Snake:2  | HP: 3/149 [salamander/+0 halberd of protection (15)]
 29942 | Snake:2  | Mangled by a salamander

Illustrated notes

Levels and vault maps discovered:
D:1:      dpeg_arrival_yet_another_circle, layout_loops_ring,
          chequers_serial_rivers_micro_e
D:2:      layout_rooms, chequers_ecumenical_altar_simple, serial_bayou_pond_a
D:3:      layout_basic, ebering_ghost_sewer_d
D:4:      layout_loops_corners, evilmike_ruin_ashenzari, minivault_11,
          st_stairs_3, uniq_edmund, uniq_eustachio
D:5:      layout_basic, temple_statues, first_ration, uniq_duvessa
D:6:      layout_basic, ebering_ghost_reflecting_pool, elyvilon_altar_5
D:7:      layout_loops_ring, uniq_harold
D:8:      layout_basic, serial_rivers, chequers_serial_rivers_large_b,
          chequers_serial_rivers_large_a, chequers_serial_rivers_micro_c,
          chequers_serial_rivers_micro_d, chequers_serial_rivers_room_a,
          chequers_serial_rivers_micro_c, serial_shops, shop, enter_ossuary_1,
          uniq_prince_ribbit1, uniq_psyche, uniq_joseph
D:9:      layout_small_grid, hiddenorc1_lemuel
D:10:     layout_roguey, erik_lair_dragon
D:11:     layout_small_grid, portal_ice_cave_rime, the_bakery, st_stairs_10,
          minmay_statue_crystal_thing
D:12:     layout_stronghold, serial_shops, shop
D:13:     layout_long_grid, gammafunk_ghost_smash, evilmike_minifort,
          uniq_josephine
D:14:     layout_basic, david_vaults_1
D:15:     gammafunk_depths_entry_grave, layout_irregular_city,
          yredelemnul_altar_generic, grunt_ministairs_3, unseen_surprise_small
Temple:   minmay_crystal_snake_temple
Lair:1:   layout_layer_cave, eino_small_chamber_without_monster, st_stairs_8
Lair:2:   layout_roguey, minmay_snake_entry_guardpost_small, grunt_megastairs_4,
          uniq_maggie, uniq_gastronok
Lair:3:   layout_cave_pods, elwin_shoals_entry_stream, gammafunk_ghost_cemetery
Lair:4:   beast_lair_carwin_large_4, layout_gridlike, special_room
          [special_room_bee], fungi_pond_lemuel, minmay_lair_oklob_chamber
Lair:5:   layout_concentric_octagons, beast_lair_carwin_10
Lair:6:   hangedman_lair_in_review, layout_regular_city,
          minmay_slime_entry_oklob_enclosed
Snake:1:  layout_basic, st_stairs_11, uniq_azrael
Snake:2:  layout_misc_corridors, nicolae_snake_lava_pool
Snake:3:  layout_basic, grunt_ministairs_3, evilmike_ambush
          [evilmike_ambush_outer_doors, evilmike_ambush_inner_pond],
          serial_bayou_shore_a, uniq_vashnia, uniq_kirke
Orc:1:    layout_caves, serial_shops, shop
Orc:2:    st_orc_town, layout_caves

Skill      XL: |  1  2  3  4  5  6  7  8  9 10 11 12 13 14 15 16 |
---------------+-------------------------------------------------+-----
Axes           | 4 5 6 8 9 11 13 14 16 17 18 20 21 22 23 | 23.2
Fighting       | 5 7 9 10 12 13 15 | 15.5
Armour         | 5 7 8 10 12 13 14 15 | 15.3
Dodging        | 4 6 8 9 10 | 10.0

Action                   |  1- 3 |  4- 6 |  7- 9 | 10-12 | 13-15 | 16-18 || total
-------------------------+-------+-------+-------+-------+-------+-------++-------
Melee: Hand axe          |    88 |   135 |   244 |       |       |       ||   467
       Headbutt          |     8 |    28 |    58 |   149 |   197 |    16 ||   456
       War axe           |       |       |    94 |   473 |       |       ||   567
       Broad axe         |       |       |       |   224 |   531 |       ||   755
       Morningstar       |       |       |       |       |    56 |       ||    56
       Executioner's axe |       |       |       |       |   496 |    84 ||   580
       Battleaxe         |       |       |       |       |    11 |     1 ||    12
       Unarmed           |       |       |       |       |     3 |       ||     3
Throw: Dart              |       |       |     8 |     9 |       |       ||    17
Invok: Berserk           |     1 |     2 |     8 |    13 |    15 |     2 ||    41
       Brothers in Arms  |       |       |     1 |     3 |     8 |     2 ||    14
       Trog's Hand       |       |       |       |       |     2 |       ||     2
Evoke: Wand              |       |       |       |     1 |       |       ||     1
 Stab: Confused          |       |       |       |     3 |       |       ||     3
       Distracted        |       |       |       |       |     1 |       ||     1
  Eat: Chunk             |     3 |     6 |    12 |    18 |    30 |       ||    69
       Ration            |       |       |     2 |     6 |    10 |     2 ||    20
Armor: Animal skin       |     4 |       |       |       |       |       ||     4
       Scale mail        |    30 |    55 |    92 |    19 |       |       ||   196
       Plate armour      |       |       |       |   268 |   680 |       ||   948
       Swamp dragon scal |       |       |       |       |    15 |    51 ||    66
Dodge: Dodged            |    50 |    76 |   121 |   233 |   558 |    80 ||  1118
